APP
GREAT FALLS VOYAGERS @ BOSTON (APP) RED SOX
08/25/2044
 
TOP OF THE 1ST
Great Falls Voyagers batting - Pitching for Boston (APP) Red Sox : RHP Mike Tolley
Pitching: RHP Mike Tolley
Batting: RHB Andy Cotton 0-0: Ball
1-0: Ball
2-0: Ball
3-0: Foul Ball, location: 2F
3-1: Base on Balls
Batting: RHB Duncan Collins 0-0: Ball
1-0: Ball
2-0: Ball
3-0: Base on Balls
Andy Cotton to second
Batting: LHB Josh Pittman 0-0: Called Strike
Duncan Collins is caught stealing 2nd base 2-6
Andy Cotton steals 3rd base
0-1: Ball
1-1: Ball
2-1: DOUBLE (Groundball, 5L, EV 105.0 MPH)
Andy Cotton scores
Batting: SHB Matt Childers 0-0: Called Strike
0-1: Ball
1-1: Called Strike
1-2: Ball
2-2: Strikes out swinging
Batting: LHB Carlos Ramirez 0-0: Ball
1-0: Ball
2-0: Called Strike
2-1: Ball
3-1: Base on Balls
Batting: RHB Vic Lucatero 0-0: Called Strike
0-1: Ball
1-1: Foul Ball, location: 2F
1-2: Ball
2-2: Ball
3-2: DOUBLE (Line Drive, 89D, EV 105.6 MPH)
Josh Pittman scores
Carlos Ramirez to third
Carlos Ramirez scores
Batting: SHB Jose Romo 0-0: Ball
1-0: Foul Ball, location: 2F
1-1: Ball
2-1: Ball
3-1: Called Strike
3-2: Foul Ball, location: 2F
3-2: Strikes out swinging
Top of the 1st over - 3 runs, 2 hits, 0 errors, 1 left on base; Great Falls 3 - Boston (APP) 0
BOTTOM OF THE 1ST
Boston (APP) Red Sox batting - Pitching for Great Falls Voyagers : RHP Brent White
Pitching: RHP Brent White
Batting: LHB Stanislav Parusov 0-0: Ball
1-0: Ball
2-0: Called Strike
2-1: Fly out, F8 (Line Drive, 8LM, EV 101.9 MPH)
Batting: RHB Matt Hinkle 0-0: Foul Ball, location: 2F
0-1: Ball
1-1: Ground out 6-3 (Groundball, 6, EV 83.1 MPH)
Batting: RHB William Lung 0-0: Ball
1-0: Called Strike
1-1: Swinging Strike
1-2: Foul Ball, location: 2F
1-2: Ball
2-2: Foul Ball, location: 2F
2-2: Foul Ball, location: 2F
2-2: Strikes out swinging
Bottom of the 1st over - 0 runs, 0 hits, 0 errors, 0 left on base; Great Falls 3 - Boston (APP) 0
TOP OF THE 2ND
Great Falls Voyagers batting - Pitching for Boston (APP) Red Sox : RHP Mike Tolley
Batting: RHB Billy Grubbs 0-0: Ball
1-0: Ball
2-0: Swinging Strike
2-1: Ball
3-1: Called Strike
3-2: Base on Balls
Batting: RHB Tommy Ellington 0-0: Called Strike
0-1: Ball
Billy Grubbs steals 2nd base
1-1: Swinging Strike
1-2: Fly out, F8 (Flyball, 8RD, EV 99.4 MPH)
Runner from 2nd tags up, OUT at 3rd! 8-5
Batting: RHB Andy Cotton 0-0: Ball
1-0: Swinging Strike
1-1: Ball
2-1: Called Strike
2-2: Strikes out swinging
Top of the 2nd over - 0 runs, 0 hits, 0 errors, 0 left on base; Great Falls 3 - Boston (APP) 0
BOTTOM OF THE 2ND
Boston (APP) Red Sox batting - Pitching for Great Falls Voyagers : RHP Brent White
Batting: LHB Frank Olivo 0-0: Called Strike
0-1: SINGLE (Groundball, 56S, EV 71.9 MPH) (infield hit)
Batting: RHB Mike Strey 0-0: Ball
1-0: Fly out, F8 (Line Drive, 8LM, EV 93.1 MPH)
Batting: RHB Dominique Paolozzi 0-0: Ball
1-0: Ball
2-0: Called Strike
2-1: Foul Ball, location: 2F
2-2: Strikes out swinging
Batting: RHB Paul Bennett 0-0: Ground out 2-3 (Groundball, 2L, EV 65.6 MPH)
Bottom of the 2nd over - 0 runs, 1 hit, 0 errors, 1 left on base; Great Falls 3 - Boston (APP) 0
TOP OF THE 3RD
Great Falls Voyagers batting - Pitching for Boston (APP) Red Sox : RHP Mike Tolley
Batting: RHB Duncan Collins 0-0: Ball
1-0: Foul Ball, location: 2F
1-1: Foul Ball, location: 2F
1-2: Foul Ball, location: 2F
1-2: Ball
2-2: Foul Ball, location: 2F
2-2: Foul Ball, location: 2F
2-2: Ball
3-2: Base on Balls
Batting: LHB Josh Pittman 0-0: Ball
1-0: Foul Ball, location: 2F
1-1: Fly out, F7 (Flyball, 7LM, EV 80.6 MPH)
Batting: SHB Matt Childers 0-0: Fly out, F3 (Popup, 3SF, EV 68.8 MPH)
Batting: LHB Carlos Ramirez 0-0: Ball
1-0: Foul Ball, location: 2F
1-1: Fly out, F8 (Flyball, 8LXD, EV 106.9 MPH)
Top of the 3rd over - 0 runs, 0 hits, 0 errors, 1 left on base; Great Falls 3 - Boston (APP) 0
BOTTOM OF THE 3RD
Boston (APP) Red Sox batting - Pitching for Great Falls Voyagers : RHP Brent White
Batting: RHB Rogelio Cervantes 0-0: Called Strike
0-1: Ball
1-1: Foul Ball, location: 2F
1-2: Ball
2-2: DOUBLE (Line Drive, 9LS, EV 110.0 MPH)
Batting: RHB Joe Booth 0-0: Ball
1-0: Foul Ball, location: 2F
1-1: Called Strike
Rogelio Cervantes steals 3rd base
1-2: Ball
2-2: Ball
3-2: SINGLE (Flyball, 8RS, EV 93.1 MPH)
Rogelio Cervantes scores
Batting: LHB Stanislav Parusov 0-0: Called Strike
Joe Booth steals 2nd base (no throw)
0-1: Ball
1-1: Ball
Wild Pitch!
Joe Booth to third
2-1: Ball
3-1: Base on Balls
Batting: RHB Matt Hinkle 0-0: Ground out 4-3 (Groundball, 4MD, EV 97.5 MPH)
Joe Booth scores
Stanislav Parusov to second
Batting: RHB William Lung 0-0: Fly out, F3 (Flyball, 3D, EV 78.8 MPH)
Batting: LHB Frank Olivo 0-0: Ball
1-0: Ball
2-0: Foul Ball, location: 2F
2-1: Ground out 6-3 (Groundball, 6, EV 96.3 MPH)
Bottom of the 3rd over - 2 runs, 2 hits, 0 errors, 1 left on base; Great Falls 3 - Boston (APP) 2
TOP OF THE 4TH
Great Falls Voyagers batting - Pitching for Boston (APP) Red Sox : RHP Mike Tolley
Batting: RHB Vic Lucatero 0-0: Called Strike
0-1: Ball
1-1: Ground out 5-3 (Groundball, 56S, EV 72.5 MPH)
Batting: SHB Jose Romo 0-0: Ball
1-0: Ball
2-0: Ground out 3-1 (Groundball, 34S, EV 80.6 MPH)
Batting: RHB Billy Grubbs 0-0: Ball
1-0: SINGLE (Line Drive, 7S, EV 93.1 MPH)
Batting: RHB Tommy Ellington 0-0: Called Strike
Billy Grubbs steals 2nd base
0-1: Ball
1-1: Foul Ball, location: 2F
1-2: Foul Ball, location: 2F
1-2: Ball
2-2: Fly out, F6 (Line Drive, 6, EV 63.8 MPH)
Top of the 4th over - 0 runs, 1 hit, 0 errors, 1 left on base; Great Falls 3 - Boston (APP) 2
BOTTOM OF THE 4TH
Boston (APP) Red Sox batting - Pitching for Great Falls Voyagers : RHP Brent White
Batting: RHB Mike Strey 0-0: Ball
1-0: Ball
2-0: Ground out 6-3 (Groundball, 6, EV 85.6 MPH)
Batting: RHB Dominique Paolozzi 0-0: Foul Ball, location: 2F
0-1: Ball
1-1: Swinging Strike
1-2: Ball
2-2: Foul Ball, location: 2F
2-2: Foul Ball, location: 2F
2-2: Foul Ball, location: 2F
2-2: Ball
3-2: DOUBLE (Line Drive, 9LS, EV 88.8 MPH)
Batting: RHB Paul Bennett 0-0: Ground out 5-3 (Groundball, 56S, EV 69.4 MPH)
Dominique Paolozzi to third
Batting: RHB Rogelio Cervantes 0-0: Fly out, F1 (Line Drive, P, EV 63.1 MPH)
Bottom of the 4th over - 0 runs, 1 hit, 0 errors, 1 left on base; Great Falls 3 - Boston (APP) 2
TOP OF THE 5TH
Great Falls Voyagers batting - Pitching for Boston (APP) Red Sox : RHP Mike Tolley
Batting: RHB Andy Cotton 0-0: Ball
1-0: Foul Ball, location: 2F
1-1: Foul Ball, location: 2F
1-2: Ball
2-2: Ground out 4-3 (Groundball, 4, EV 85.6 MPH)
Batting: RHB Duncan Collins 0-0: Ball
1-0: Ball
2-0: Ball
3-0: Base on Balls
Batting: LHB Josh Pittman 0-0: Ball
1-0: Ball
2-0: Foul Ball, location: 2F
2-1: Ball
3-1: Base on Balls
Duncan Collins to second
Batting: SHB Matt Childers 0-0: Foul Ball, location: 2F
0-1: Ball
1-1: Ball
2-1: Ball
3-1: Base on Balls
Duncan Collins to third
Josh Pittman to second
Batting: LHB Carlos Ramirez 0-0: Fly out, F4 (Line Drive, 4, EV 70.6 MPH)
Batting: RHB Vic Lucatero 0-0: Ball
1-0: Foul Ball, location: 2F
1-1: Ground out 4-3 (Groundball, 34, EV 104.4 MPH)
Top of the 5th over - 0 runs, 0 hits, 0 errors, 3 left on base; Great Falls 3 - Boston (APP) 2
BOTTOM OF THE 5TH
Boston (APP) Red Sox batting - Pitching for Great Falls Voyagers : RHP Brent White
Batting: RHB Joe Booth 0-0: Ball
1-0: Swinging Strike
1-1: Swinging Strike
1-2: Ball
2-2: Foul Ball, location: 2F
2-2: Strikes out looking
Batting: LHB Stanislav Parusov 0-0: Ball
1-0: Ball
2-0: Ball
3-0: Base on Balls
Batting: RHB Matt Hinkle 0-0: Ball
1-0: TRIPLE (Line Drive, 89XD, EV 108.8 MPH)
Stanislav Parusov scores
Batting: RHB William Lung 0-0: Ball
1-0: Foul Ball, location: 2F
1-1: Swinging Strike
1-2: Ball
2-2: Foul Ball, location: 2F
2-2: Foul Ball, location: 2F
2-2: Ball
3-2: Hit by Pitch
Pitching: RHP Brian Wesolek
Batting: LHB Frank Olivo 0-0: Called Strike
0-1: Foul Ball, location: 2F
0-2: Ball
1-2: Ball
2-2: Strikes out swinging
Batting: RHB Mike Strey 0-0: Ball
1-0: Called Strike
1-1: Foul Ball, location: 2F
1-2: Strikes out swinging
Bottom of the 5th over - 1 run, 1 hit, 0 errors, 2 left on base; Great Falls 3 - Boston (APP) 3
TOP OF THE 6TH
Great Falls Voyagers batting - Pitching for Boston (APP) Red Sox : RHP Mike Tolley
Pitching: LHP Eddie Contreras
Batting: SHB Jose Romo 0-0: Called Strike
0-1: Foul Ball, location: 2F
0-2: Ball
1-2: Ball
2-2: Ball
3-2: Strikes out swinging
Batting: RHB Billy Grubbs 0-0: Foul Ball, location: 2F
0-1: Ball
1-1: Foul Ball, location: 2F
1-2: Foul Ball, location: 2F
1-2: Strikes out looking
Batting: RHB Tommy Ellington 0-0: Ball
1-0: Called Strike
1-1: Swinging Strike
1-2: Ball
2-2: Ball
3-2: Strikes out swinging
Top of the 6th over - 0 runs, 0 hits, 0 errors, 0 left on base; Great Falls 3 - Boston (APP) 3
BOTTOM OF THE 6TH
Boston (APP) Red Sox batting - Pitching for Great Falls Voyagers : RHP Brian Wesolek
Batting: RHB Dominique Paolozzi 0-0: Fly out, F8 (Line Drive, 8LM, EV 86.9 MPH)
Batting: RHB Paul Bennett 0-0: Ball
1-0: Called Strike
1-1: Ball
2-1: Called Strike
2-2: Foul Ball, location: 2F
2-2: Ball
3-2: Strikes out swinging
Batting: RHB Rogelio Cervantes 0-0: Ball
1-0: Ground out 3-1 (Groundball, 34S, EV 71.3 MPH)
Bottom of the 6th over - 0 runs, 0 hits, 0 errors, 0 left on base; Great Falls 3 - Boston (APP) 3
TOP OF THE 7TH
Great Falls Voyagers batting - Pitching for Boston (APP) Red Sox : LHP Eddie Contreras
Pitching: RHP Victor Escobar
Batting: RHB Andy Cotton 0-0: Called Strike
0-1: Called Strike
0-2: Ball
1-2: Strikes out swinging
Batting: RHB Duncan Collins 0-0: Ball
1-0: Foul Ball, location: 2F
1-1: Ball
2-1: Ball
3-1: Fly out, F9 (Flyball, 9LM, EV 68.1 MPH)
Batting: LHB Josh Pittman 0-0: Ball
1-0: Ground out 6-3 (Groundball, 4M, EV 100.6 MPH)
Top of the 7th over - 0 runs, 0 hits, 0 errors, 0 left on base; Great Falls 3 - Boston (APP) 3
BOTTOM OF THE 7TH
Boston (APP) Red Sox batting - Pitching for Great Falls Voyagers : RHP Brian Wesolek
Pitching: RHP Rick Sacket
Batting: RHB Joe Booth 0-0: Ball
1-0: Fly out, F8 (Flyball, 8LD, EV 105.0 MPH)
Batting: LHB Stanislav Parusov 0-0: Ball
1-0: Ball
2-0: Called Strike
2-1: Ball
3-1: Ground out 6-3 (Groundball, 6MS, EV 66.9 MPH)
Batting: RHB Matt Hinkle 0-0: Foul Ball, location: 2F
0-1: Foul Ball, location: 2F
0-2: Fly out, F7 (Line Drive, 7, EV 86.3 MPH)
Bottom of the 7th over - 0 runs, 0 hits, 0 errors, 0 left on base; Great Falls 3 - Boston (APP) 3
TOP OF THE 8TH
Great Falls Voyagers batting - Pitching for Boston (APP) Red Sox : RHP Victor Escobar
Pitching: RHP Rich Brown
Batting: SHB Matt Childers 0-0: Ball
1-0: Called Strike
1-1: Foul Ball, location: 2F
1-2: Ball
2-2: Foul Ball, location: 2F
2-2: Ball
3-2: Foul Ball, location: 2F
3-2: Strikes out looking
Batting: LHB Carlos Ramirez 0-0: Ball
1-0: Ball
2-0: Foul Ball, location: 2F
2-1: Ball
3-1: Base on Balls
Batting: RHB Vic Lucatero 0-0: Ball
1-0: Called Strike
1-1: Sac Bunt to 13S - play at first, batter OUT! 1-4
Carlos Ramirez to second
Batting: SHB Jose Romo 0-0: Foul Ball, location: 2F
0-1: Ball
1-1: Ball
2-1: Foul Ball, location: 2F
2-2: Strikes out swinging
Top of the 8th over - 0 runs, 0 hits, 0 errors, 1 left on base; Great Falls 3 - Boston (APP) 3
BOTTOM OF THE 8TH
Boston (APP) Red Sox batting - Pitching for Great Falls Voyagers : RHP Rick Sacket
Batting: RHB William Lung 0-0: Ball
1-0: Foul Ball, location: 2F
1-1: Ball
2-1: Ground out 4-3 (Groundball, 4, EV 88.1 MPH)
Batting: LHB Frank Olivo 0-0: Fly out, F3 (Popup, 3SF, EV 71.3 MPH)
Pinch Hitting: SHB Eric Evans 0-0: Ball
1-0: Ball
2-0: Foul Ball, location: 2F
2-1: Ball
3-1: Base on Balls
Batting: RHB Dominique Paolozzi 0-0: Ground out 4-3 (Groundball, 34, EV 108.1 MPH)
Bottom of the 8th over - 0 runs, 0 hits, 0 errors, 1 left on base; Great Falls 3 - Boston (APP) 3
TOP OF THE 9TH
Great Falls Voyagers batting - Pitching for Boston (APP) Red Sox : RHP Rich Brown
Pitching: RHP Juan Mejia
Now at C: Rich Boysen
Batting: RHB Billy Grubbs 0-0: Ball
1-0: Ball
2-0: Ball
3-0: Base on Balls
Batting: RHB Tommy Ellington 0-0: Ball
1-0: Ball
2-0: Fly out, F9 (Line Drive, 9D, EV 98.1 MPH)
Batting: RHB Andy Cotton 0-0: Ball
Billy Grubbs steals 2nd base
1-0: Foul Ball, location: 2F
1-1: Foul Ball, location: 2F
1-2: Foul Ball, location: 2F
1-2: Ball
2-2: Strikes out looking
Batting: RHB Duncan Collins 0-0: Ball
1-0: Ball
2-0: Ball
Wild Pitch!
Billy Grubbs to third
3-0: Called Strike
3-1: 2-RUN HOME RUN (Flyball, 7D, EV 95.6 MPH), Distance : 370 ft
Batting: LHB Josh Pittman 0-0: Foul Ball, location: 2F
0-1: Swinging Strike
0-2: Ball
1-2: Strikes out swinging
Top of the 9th over - 2 runs, 1 hit, 0 errors, 0 left on base; Great Falls 5 - Boston (APP) 3
BOTTOM OF THE 9TH
Boston (APP) Red Sox batting - Pitching for Great Falls Voyagers : RHP Rick Sacket
Pitching: LHP Silas Chartier
Now in LF: Vic Lucatero
Now in RF: Josh Newby
Batting: RHB Paul Bennett 0-0: DOUBLE (Groundball, 3L, EV 110.6 MPH)
Batting: RHB Rogelio Cervantes 0-0: Called Strike
0-1: Ball
1-1: Ball
2-1: Called Strike
2-2: Strikes out swinging
Batting: RHB Joe Booth 0-0: Ball
1-0: Foul Ball, location: 2F
1-1: Called Strike
1-2: Ball
2-2: Strikes out swinging
Pinch Hitting: RHB Josh Graham 0-0: Ball
1-0: Called Strike
1-1: 2-RUN HOME RUN (Flyball, 78XD, EV 98.8 MPH), Distance : 415 ft
Batting: RHB Matt Hinkle 0-0: Ball
1-0: Ball
2-0: Ball
3-0: Base on Balls
Batting: RHB William Lung 0-0: Ball
1-0: Foul Ball, location: 2F
1-1: Ball
Matt Hinkle steals 2nd base
2-1: Intentional Walk
Batting: LHB Frank Olivo 0-0: Ball
1-0: Ball
2-0: Ball
3-0: Called Strike
3-1: Foul Ball, location: 2F
3-2: Base on Balls
Matt Hinkle to third
William Lung to second
Batting: RHB Rich Boysen 0-0: Foul Ball, location: 2F
0-1: Fielders Choice at 2nd, 6-4 (Groundball, 6, EV 109.4 MPH)
Bottom of the 9th over - 2 runs, 2 hits, 0 errors, 3 left on base; Great Falls 5 - Boston (APP) 5
TOP OF THE 10TH
Great Falls Voyagers batting - Pitching for Boston (APP) Red Sox : RHP Juan Mejia
Now at 2B: Ben Crossley
Batting: SHB Matt Childers 0-0: Ball
1-0: Ball
2-0: Ball
3-0: Called Strike
3-1: Base on Balls
Batting: LHB Carlos Ramirez 0-0: Ball
1-0: Ball
Wild Pitch!
Matt Childers to second
2-0: Called Strike
2-1: Ball
Wild Pitch!
Matt Childers to third
3-1: Ground out 4-3 (Groundball, 4, EV 82.5 MPH)
Batting: RHB Vic Lucatero 0-0: Intentional Walk
Batting: SHB Jose Romo 0-0: Swinging Strike
0-1: Squeeze Bunt to 2L - play home, runner scores, batter safe!
Matt Childers scores
Vic Lucatero to second
Batting: RHB Billy Grubbs 0-0: Called Strike
Vic Lucatero steals 3rd base
0-1: Foul Ball, location: 2F
0-2: Ball
1-2: Ground out 3-1 (Groundball, 34, EV 80.0 MPH)
Jose Romo to second
Pitching: RHP Victor Fuentes
Batting: RHB Tommy Ellington 0-0: Ball
1-0: Called Strike
1-1: Foul Ball, location: 2F
1-2: Foul Ball, location: 2F
1-2: Fly out, F6 (Line Drive, 6, EV 72.5 MPH)
Top of the 10th over - 1 run, 0 hits, 0 errors, 2 left on base; Great Falls 6 - Boston (APP) 5
BOTTOM OF THE 10TH
Boston (APP) Red Sox batting - Pitching for Great Falls Voyagers : LHP Silas Chartier
Pitching: RHP Craig Potter
Batting: RHB Dominique Paolozzi 0-0: Ball
1-0: Called Strike
1-1: Foul Ball, location: 2F
1-2: Fly out, F6 (Popup, 6, EV 69.4 MPH)
Batting: RHB Paul Bennett 0-0: Ball
1-0: Ground out 4-3 (Groundball, 34S, EV 88.8 MPH)
Batting: RHB Rogelio Cervantes 0-0: Ball
1-0: Ball
2-0: Called Strike
2-1: Foul Ball, location: 2F
2-2: Foul Ball, location: 2F
2-2: Ball
3-2: Strikes out looking
Bottom of the 10th over - 0 runs, 0 hits, 0 errors, 0 left on base; Great Falls 6 - Boston (APP) 5
Thursday, March 31st , 2022 - OOTP Baseball 22.12 Build 89